 Dungeon Crawl Stone Soup version 0.28.0-53-g5a82cb258f (webtiles) character file.

Game seed: 4296066995520672969

96 SanguineChosen the Covered (level 4, -3/28 HPs)
             Began as a Gargoyle Fighter on July 18, 2022.
             Slain by a gnoll
             ... wielding a +0 flail
              (9 damage)
             ... on level 3 of the Dungeon.
             The game lasted 00:06:03 (2081 turns).

SanguineChosen the Covered (Gargoyle Fighter)       Turns: 2081, Time: 00:06:03

Health: -3/28      AC: 11    Str: 27    XL:     4   Next: 67%
Magic:  4/4        EV:  9    Int:  9    God:
Gold:   98         SH:  4    Dex:  9    Spells: 3/3 levels left

rFire   . . .      SeeInvis .   a - +0 flail
rCold   . . .      Faith    .   c - +0 buckler
rNeg    + . .      Spirit   .   b - +0 scale mail
rPois   ∞          Reflect  .   (no helmet)
rElec   +          Harm     .   (no cloak)
rCorr   .          Rampage  .   (no gloves)
Will    .....                   h - +0 pair of boots
Stlth   ..........              (no amulet)
HPRegen 0.09/turn               f - +6 ring of strength
MPRegen 0.09/turn               (no ring)

@: no status effects
A: sickness immunity, AC +3, negative energy resistance 1, electricity
resistance, torment resistance 1, petrification resistance
a: no special abilities


You were on level 3 of the Dungeon.
You visited 1 branch of the dungeon, and saw 3 of its levels.

You collected 98 gold pieces.

Inventory:

Hand Weapons
 a - a +0 flail (weapon)
Armour
 b - a +0 scale mail (worn)
 c - a +0 buckler (worn)
 h - a +0 pair of boots (worn)
Jewellery
 f - a +6 ring of strength (left hand)
 i - a ring of magical power
Scrolls
 k - a scroll of identify
 l - a scroll of enchant armour {unknown}
Potions
 d - a potion of might
 e - 2 potions of haste {unknown}
 g - a potion of flight
 j - a potion of brilliance {unknown}
 m - 2 potions of attraction {unknown}


   Skills:
 + Level 3.5 Fighting
 + Level 3.2 Maces & Flails
 + Level 4.1 Armour
 + Level 0.7 Dodging
 + Level 0.6 Stealth
 + Level 3.7 Shields


You had 3 spell levels left.
You didn't know any spells.
Your spell library contained the following spells:

 Spells                   Type           Power      Damage    Failure   Level
 Call Canine Familiar     Summ           0%         N/A       98%         3
 Portal Projectile        Hex/Tloc       0%         N/A       98%         3
 Leda's Liquefaction      Hex/Erth       0%         N/A       100%        4


Dungeon Overview and Level Annotations

Branches:
Dungeon (3/15)

Altars:
Ashenzari
Wu Jian

Annotations:
D:3 Sigmund


Innate Abilities, Weirdness & Mutations

You are immune to sickness and miasma.
Your stone body is resilient. (AC +3)
You are immune to poison.
You resist negative energy. (rN+)
You are resistant to electric shocks. (rElec)
You are resistant to unholy torment.
You are immune to petrification.


Message History

Found a scroll labelled JATEUX SOTU.
The ball python hisses angrily.
The bat hits you but does no damage. You block the bat's attack.
Found an escape hatch in the floor.
The bat hits you but does no damage. The bat barely misses you.
You block the bat's attack. The bat hits you but does no damage.
The ball python closely misses you. The ball python grabs you.
The ball python constricts you.
You thump the ball python!
You kill the ball python!
The bat barely misses you.
You closely miss the bat. The bat barely misses you.
You closely miss the bat. The bat closely misses you.
The bat hits you but does no damage.
You hit the bat.
You kill the bat!
No target in view!
No target in view!
No target in view!
You see here a ball python corpse.
A gnoll comes into view. It is wielding a +0 flail.
You see here a scroll labelled JATEUX SOTU.
The gnoll shouts!
You hear a shout!
You see here a scroll labelled JATEUX SOTU.
You barely miss the gnoll.
A gnoll comes into view. It is wielding a +0 halberd.
You block the gnoll's attack.
You see here a scroll labelled JATEUX SOTU.
You closely miss the gnoll.
A gnoll comes into view. It is wielding a +0 long sword.
The gnoll completely misses you. The gnoll closely misses you.
The gnoll hits you with a +0 flail! The gnoll hits you with a +0 flail!
The gnoll hits you but does no damage.
You hit the gnoll but do no damage. The gnoll closely misses you. x2
The gnoll shouts!
The gnoll hits you with a +0 halberd!
* * * LOW HITPOINT WARNING * * *
The gnoll hits you with a +0 flail!
You die...

#.. ####?..#....#⌠⌠#.
#... ###.#.#...##__##
#...#####...#.#...##..8#
#.........###.######''#
#...#..g### #....###..#
. #...# ####.##...#
#...# #..#.### #..g#
##.#.# #..@# #...# ##g.#
###.## #w.# #..## .....
...######.[.#
###.#..............# ..
#.#######..##.# .## .#
##.##.# ## # .. #.##.#
.. .. ...#.#


You could see a worm and 3 gnolls.

Vanquished Creatures
  A hound (D:2)
  3 adders (D:2)
  3 ball pythons
  8 bats
  3 endoplasms
  2 hobgoblins
  4 kobolds
  3 quokkas
  7 frilled lizards
  5 goblins
  2 rats
41 creatures vanquished.

Vanquished Creatures (others)
  A plant (D:2)
1 creature vanquished.

Grand Total: 42 creatures vanquished

Notes
Turn   | Place    | Note
-------+----------+-------------------------------------------
     0 | D:1      | SanguineChosen the Gargoyle Fighter began the quest for the
                  | Orb.
     0 | D:1      | Reached XP level 1. HP: 14/14 MP: 1/1
   402 | D:1      | Reached XP level 2. HP: 7/19 MP: 2/2
  1120 | D:2      | Reached XP level 3. HP: 23/23 MP: 3/3
  1192 | D:2      | Found a faded altar of an unknown god.
  1767 | D:3      | Noticed Sigmund
  1776 | D:2      | Reached skill level 4 in Armour
  1776 | D:2      | Reached XP level 4. HP: 28/28 MP: 4/4
  1997 | D:3      | Found a broken altar of Ashenzari.
  1997 | D:3      | Found an ornate altar of the Wu Jian Council.
  2081 | D:3      | Slain by a gnoll

Illustrated notes

Levels and vault maps discovered:
D:1:      dpeg_arrival_tiny_a, layout_rooms, grunt_decor_mini_mirrors,
          fountainhead
D:2:      layout_basic, dreamdust_ecumenical_altar_hidden_monk_grotto
D:3:      layout_rooms, gammafunk_temple_overflow_wave, uniq_terence,
          uniq_sigmund

Skill      XL: |  1  2  3 |
---------------+----------+-----
Maces & Flails | 3 |  3.2
Armour         | 4 |  4.1
Fighting       | |  3.5
Dodging        | |  0.7
Stealth        | |  0.6
Shields        | |  3.7

Action                   |  1- 3 |  4- 6 || total
-------------------------+-------+-------++-------
Melee: Flail             |   113 |    32 ||   145
  Use: Scroll            |     2 |       ||     2
Armor: Scale mail        |    76 |    27 ||   103
Dodge: Dodged            |    64 |    27 ||    91
Block: Buckler           |    20 |    14 ||    34
